 Dungeon Crawl Stone Soup version 0.31-a0-971-g75a2e9a4b4 (webtiles) character file.

Game seed: 7535504207626396995

758 timneilson the Shield-Bearer (level 7, 0/44 HPs)
             Began as a Gargoyle Fighter on Oct 28, 2023.
             Slain by an ogre
             ... wielding a +0 giant club
              (14 damage)
             ... on level 5 of the Dungeon.
             The game lasted 00:16:07 (4078 turns).

timneilson the Shield-Bearer (Gargoyle Fighter)     Turns: 4078, Time: 00:16:07

Health: 0/44       AC: 14    Str: 19    XL:     7   Next: 80%
Magic:  7/7        EV:  8    Int:  9    God:
Gold:   197        SH:  5    Dex: 11    Spells: 6/6 levels left

rFire   . . .        q - +0 scimitar
rCold   . . .        c - +0 buckler
rNeg    + . .        j - +0 chain mail
rPois   ∞            (no helmet)
rElec   +            (no cloak)
rCorr   +            (no gloves)
SInv    .            (no boots)
Will    .....        (no amulet) Stlth
                     n - ring of resist corrosion
HPRegen 0.27/turn    m - ring of flight
MPRegen 0.10/turn

%: no passive effects
@: flying
A: sickness immunity, AC +4, negative energy resistance 1, electricity
resistance, torment resistance 1, petrification resistance
a: no special abilities


You were on level 5 of the Dungeon.
You visited 1 branch of the dungeon, and saw 5 of its levels.

You collected 197 gold pieces.

Inventory:

Hand Weapons
 a - a +0 long sword
 q - a +0 scimitar (weapon)
Armour
 c - a +0 buckler (worn)
 j - a +0 chain mail (worn)
Jewellery
 m - a ring of flight (right hand)
 n - a ring of resist corrosion (left hand)
Wands
 g - a wand of quicksilver (8)
Scrolls
 d - a scroll of fog
 i - a scroll of blinking
 p - a scroll of vulnerability
Potions
 b - a potion of curing
 e - 2 potions of mutation
 f - 2 potions of enlightenment
 h - a potion of attraction {unknown}
 k - a potion of heal wounds {unknown}
 l - a potion of haste {unknown}
 o - 2 potions of might


   Skills:
 + Level 4.5 Fighting
 * Level 4.0 Long Blades
 * Level 5.3 Armour
 + Level 2.0 Dodging
 * Level 5.4 Shields
 + Level 2.0 Evocations


You had 6 spell levels left.
You didn't know any spells.
Your spell library was empty.

Dungeon Overview and Level Annotations

Branches:
Dungeon (5/15)
 Temple: D:4-7

Altars:

Annotations:
D:3 2 runed translucent doors, osoart's ghost, amateur DgSh


Innate Abilities, Weirdness & Mutations

You are immune to sickness and miasma.
Your stone body is resilient. (AC +4)
You are immune to poison.
You resist negative energy. (rN+)
You are resistant to electric shocks. (rElec)
You are resistant to unholy torment.
You are immune to petrification.


Message History

You miss the adder.
The adder bites you but does no damage. x2
You closely miss the adder. The adder barely misses you.
You miss the adder. The adder bites you. The adder barely misses you.
You barely miss the adder. The adder bites you but does no damage.
You barely miss the adder. The adder barely misses you.
The adder closely misses you.
You hit the adder.
The adder is lightly wounded.
The adder bites you but does no damage. You block the adder's attack.
You hit the adder but do no damage.
The adder is lightly wounded.
The adder barely misses you.
You slash the adder!
You kill the adder!
b - a potion of curing
Found a stone staircase leading up.
There is a stone staircase leading up here.
Found a robe.
You see here a +0 robe.
Found a long sword.
You see here a +0 long sword.
Found 2 potions of might.
o - 2 potions of might You reach down and open the door.
Found an escape hatch in the floor.
There is an open door here.
You see here the +1 mace "Joargh" {spect, *Noise Will+ Int+4 Dex+8}.
An ogre comes into view. It is wielding a +0 giant club.
Found 2 stones.
The ogre shouts!
You completely miss the ogre.
The ogre hits you with a +0 giant club!!
You hit the ogre.
The ogre is lightly wounded.
The ogre hits you with a +0 giant club!
* * * LOW HITPOINT WARNING * * *
You slash the ogre!
The ogre is heavily wounded.
The ogre hits you with a +0 giant club!
You die...

#######
#.....###
#@#...).#
#O#.....#
#(#.....#
..#...>.#
########'###
#....# #.#
#.##.###.#
#........#
###.######


You could see an ogre.

Vanquished Creatures
  Sigmund (D:3)
  An orc warrior (D:5)
  An ogre (D:4)
  2 scorpions
  A sleepcap (D:4)
  An orc priest (D:4)
  2 iguanas (D:4)
  An orc wizard (D:3)
  A gnoll (D:4)
  4 adders
  2 dart slugs
  10 orcs
  7 endoplasms
  3 giant cockroaches
  12 hobgoblins
  13 jackals
  14 kobolds
  3 quokkas
  4 ball pythons
  5 bats
  3 frilled lizards (D:1)
  4 goblins
  7 rats
102 creatures vanquished.

Notes
Turn   | Place    | Note
-------+----------+-------------------------------------------
     0 | D:1      | timneilson the Gargoyle Fighter began the quest for the
                  | Orb.
     0 | D:1      | Reached XP level 1. HP: 14/14 MP: 1/1
   129 | D:1      | Reached XP level 2. HP: 19/19 MP: 2/2
   282 | D:1      | Reached XP level 3. HP: 21/23 MP: 3/3
  1269 | D:2      | Reached XP level 4. HP: 24/28 MP: 4/4
  1937 | D:3      | Found a runed translucent door.
  1939 | D:3      | Noticed osoart's ghost (amateur DgSh)
  2017 | D:3      | Noticed Sigmund
  2040 | D:3      | Killed Sigmund
  2041 | D:3      | Reached skill level 1 in Dodging
  2041 | D:3      | Reached skill level 1 in Evocations
  2041 | D:3      | Reached XP level 5. HP: 6/33 MP: 5/5
  2041 | D:3      | Reached XP level 6. HP: 7/38 MP: 6/6
  2278 | D:3      | Found a runed translucent door.
  2958 | D:4      | Reached XP level 7. HP: 42/43 MP: 7/7
  3093 | D:4      | Reached skill level 5 in Shields
  3267 | D:4      | Reached skill level 5 in Armour
  3683 | D:5      | Entered Level 5 of the Dungeon
  4070 | D:5      | Identified the +1 mace "Joargh" {spect, *Noise Will+ Int+4
                  | Dex+8}
  4078 | D:5      | Slain by an ogre

Illustrated notes

Levels and vault maps discovered:
D:1:      giann_bridges, layout_rooms
D:2:      layout_loops_ring, kennysheep_generic_room_16
D:3:      layout_loops_corners, ebering_ghost_sewer_f, uniq_sigmund
D:4:      cheibrodos_helix_gallery, layout_basic, minmay_pentangle
D:5:      minmay_chambers_of_fours, layout_basic, bh_walls_and_bars,
          uniq_prince_ribbit1, uniq_grinder

Skill      XL: |  1  2  3  4  5  6  7 |
---------------+----------------------+-----
Long Blades    | 2 3 4 |  4.0
Shields        | 4 5 |  5.4
Armour         | 4 5 |  5.3
Dodging        | 1 2 |  2.0
Evocations     | 1 2 |  2.0
Fighting       | 4 |  4.5

Action                     |  1- 3 |  4- 6 |  7- 9 || total
---------------------------+-------+-------+-------++-------
  Melee: Long sword        |   155 |   181 |    81 ||   417
         Scimitar          |       |       |    33 ||    33
  Evoke: Wand              |       |       |     1 ||     1
    Use: Scroll            |     7 |     4 |     1 ||    12
         Potion            |       |     2 |     3 ||     5
 Armour: Scale mail        |   149 |   138 |    58 ||   345
         Skin              |       |       |    30 ||    30
         Chain mail        |       |       |     8 ||     8
  Dodge: Dodged            |   128 |    75 |    43 ||   246
  Block: Buckler           |    57 |    34 |    24 ||   115

Table legend: (Time is in decaauts)
 A = Elapsed time spent in this place.
 B = Non-inter-level travel time spent in this place.
 C = Inter-level travel time spent in this place.
 D = Time resting spent in this place.
 E = Time spent auto-exploring this place.
 F = Levels seen in this place.
 G = Mean time per level.
                   A        B        C        D        E       F      G
               +--------+--------+--------+--------+--------+-----+--------+
         Total |   4210 |   4103 |    107 |    229 |   2663 |   5 |  842.0 |
       Dungeon |   4210 |   4103 |    107 |    229 |   2663 |   5 |  842.0 |
               +--------+--------+--------+--------+--------+-----+--------+

Top non-repeatable levels by time:
     D:4: 1183 daAuts
     D:3: 1169 daAuts
     D:2: 872 daAuts
     D:1: 579 daAuts
     D:5: 405 daAuts
